 Dungeon Sprint DCSS version 0.21.1-1-g345015f (webtiles) character file.

1400000 doot the Slayer (level 17, -29/184 HPs)
             Began as a Ghoul Warper on May 3, 2018.
             Was a Priest of Makhleb.
             Annihilated by a bag of meat
             ... wielding a +9 war axe
              (35 damage)
             ... in the Dungeon (Sprint VIII: "Arena of Blood").
             The game lasted 00:00:33 (14 turns).

doot the Slayer (Ghoul Warper)                        Turns: 14, Time: 00:00:35

Health: -29/184    AC:  4    Str: 17    XL:     17   Next: 43%
Magic:  3/42       EV: 24    Int:  8    God:    Makhleb [***...]
Gold:   0          SH:  0    Dex: 13    Spells: 61/61 levels left

rFire    . . .     SeeInvis .   k - +∞ Axe of Woe
rCold    + . .     Gourm    .   (shield currently unavailable)
rNeg     + + +     Faith    .   a - +0 leather armour
rPois    ∞         Spirit   .   (no helmet)
rElec    .         Reflect  .   (no cloak)
rCorr    .         Harm     .   (no gloves)
MR       +....     NoTele   +   (no boots)
Stlth    +.........             (no amulet)
HPRegen  0.00/turn              (no ring)
MPRegen  0.28/turn              (no ring)

@: rotting
A: rotting body, claws 1, carnivore, cold resistance 1, negative energy
resistance 3, inhibited regeneration, torment resistance, unbreathing
a: Minor Destruction, Lesser Servant of Makhleb, Renounce Religion


You were in the Dungeon.
You worshipped Makhleb.
Makhleb was most pleased with you.
You were not hungry.

You visited 1 branch

Inventory:

Hand Weapons
 k - the +∞ Axe of Woe (weapon)
   (You found it in the Dungeon)
Missiles
 d - 5 tomahawks of dispersal (quivered)
Armour
 a - a +0 leather armour (worn)
Scrolls
 c - 2 scrolls of blinking
Potions
 e - a potion of curing
 g - a potion of heal wounds
 h - a potion of haste
 i - 2 potions of magic
 j - a potion of berserk rage
Books
 b - a book of Spatial Translocations

   Spells                             Type                      Level
   a - Blink                          Translocation                2
   b - Shroud of Golubria             Charms/Translocation         2
   c - Lesser Beckoning               Translocation                3
   d - Gell's Gravitas                Translocation                3
   e - Teleport Other                 Translocation                3
   f - Passage of Golubria            Translocation                4
Comestibles
 f - a ration


   Skills:
 + Level 24.8 Fighting
 + Level 14.9 Axes
 + Level 9.0 Throwing
 + Level 10.0 Armour
 + Level 20.3 Dodging
 + Level 23.9 Unarmed Combat
 + Level 22.6 Spellcasting
   Level 2.6 Translocations


You had 61 spell levels left.
You didn't know any spells.

Dungeon Overview and Level Annotations

Branches:
Dungeon (1/1)

Altars:
Makhleb


Innate Abilities, Weirdness & Mutations

Your body is rotting away.
You thrive on raw meat.
You are immune to poison.
You have sharp fingernails.
You are carnivorous and can eat meat at any time.
Your flesh is cold resistant. (rC+)
You are immune to negative energy. (rN+++)
You do not regenerate when monsters are visible.
You are immune to unholy pain and torment.
You can survive without breathing.


Message History

Your Axes skill gained 3 levels and is now at level 14!
Your Armour skill increases to level 9!
Your Dodging skill increases to level 19!
Your Unarmed Combat skill increases to level 23!
Your Spellcasting skill gained 2 levels and is now at level 22!
You have reached level 17!
You slash the bag of meat!
You pulverise the bag of meat into a thin bloody mist.
You kill the bag of meat!
Makhleb accepts your kill.
You can now summon a lesser servant of Makhleb.
Your Throwing skill increases to level 9!
Your Armour skill increases to level 10!
Your Dodging skill increases to level 20!
You hear a shout! x11
The meat berserker hits you with a +9 battleaxe!!!
* * * LOW HITPOINT WARNING * * *
You hear a shout! x5
The bag of meat hits you with a +9 war axe!!
You die...

.... .. .......
.. .o... #..
..o.# #.. .O.# ..
.###.. o..###...
......###o.......
......._.Ooo.....
....#...o@#.....
. #_.<._# ...
....#.....#.....
......._.......
.o....###......
.###.. ...###.
#.. ...# #.. ...#
.. ..


You could see 2 meat berserkers and 7 bags of meat.

Vanquished Creatures
  3 ogres (D)
  5 orcs (D)
8 creatures vanquished.

Notes
Turn   | Place    | Note
-------+----------+-------------------------------------------
     0 | D        | Found the +∞ Axe of Woe
     0 | D        | doot the Ghoul Warper began the quest for the Orb.
     0 | D        | Reached XP level 1. HP: 17/17 MP: 2/2
     3 | D        | Noticed a bag of meat
     4 | D        | Noticed a bag of meat
     4 | D        | Became a worshipper of Makhleb the Destroyer
     5 | D        | Noticed a bag of meat
     6 | D        | Noticed a bag of meat
     7 | D        | Noticed a bag of meat
     9 | D        | Noticed a meat berserker
    10 | D        | Noticed a meat berserker
    10 | D        | Noticed a meat berserker
    10 | D        | Noticed a bag of meat
    10 | D        | Noticed a bag of meat
    11 | D        | Noticed a bag of meat
    11 | D        | Noticed a bag of meat
    12 | D        | Noticed a meat berserker
    12 | D        | Killed a meat berserker
    12 | D        | Reached skill level 16 in Fighting
    12 | D        | Reached skill level 5 in Axes
    12 | D        | Reached skill level 5 in Throwing
    12 | D        | Reached skill level 5 in Armour
    12 | D        | Reached skill level 15 in Spellcasting
    12 | D        | Reached XP level 2. HP: 50/50 MP: 2/17
    12 | D        | Reached XP level 3. HP: 57/57 MP: 2/19
    12 | D        | Reached XP level 4. HP: 64/64 MP: 2/20
    12 | D        | Reached XP level 5. HP: 72/72 MP: 2/22
    12 | D        | Reached XP level 6. HP: 80/80 MP: 2/23
    12 | D        | Reached XP level 7. HP: 86/86 MP: 2/25
    12 | D        | Reached XP level 8. HP: 94/94 MP: 2/26
    12 | D        | Reached XP level 9. HP: 101/101 MP: 2/27
    12 | D        | Reached XP level 10. HP: 110/110 MP: 2/28
    12 | D        | Reached XP level 11. HP: 116/116 MP: 2/29
    12 | D        | Reached XP level 12. HP: 124/124 MP: 2/30
    12 | D        | Reached XP level 13. HP: 130/130 MP: 2/31
    12 | D        | Killed a bag of meat
    12 | D        | Reached * piety under Makhleb
    12 | D        | Reached skill level 18 in Fighting
    12 | D        | Reached skill level 15 in Dodging
    12 | D        | Reached XP level 14. HP: 143/143 MP: 2/33
    12 | D        | Noticed a bag of meat
    13 | D        | Killed a meat berserker
    13 | D        | Reached skill level 20 in Fighting
    13 | D        | Reached XP level 15. HP: 29/157 MP: 2/36
    13 | D        | Reached skill level 21 in Fighting
    13 | D        | Reached ** piety under Makhleb
    13 | D        | Reached skill level 22 in Fighting
    13 | D        | Reached skill level 10 in Axes
    13 | D        | Reached XP level 16. HP: 87/169 MP: 2/39
    14 | D        | Killed a meat berserker
    14 | D        | Reached skill level 24 in Fighting
    14 | D        | Reached XP level 17. HP: 55/182 MP: 2/42
    14 | D        | Reached *** piety under Makhleb
    14 | D        | Reached skill level 10 in Armour
    14 | D        | HP: 6/184 [meat berserker/+9 battleaxe (49)]
    14 | D        | Annihilated by a bag of meat

Skill      XL: |  1  2  3  4  5  6  7  8  9 10 11 12 13 14 15 16 17 |
---------------+----------------------------------------------------+-----
Fighting       | 16 18 20 22 24 | 24.8
Axes           | 5 6 8 10 14 | 14.9
Throwing       | 5 6 7 8 9 |  9.0
Armour         | 5 6 7 9 10 | 10.0
Dodging        | 14 15 17 18 19 20 | 20.3
Unarmed Combat | 16 17 19 21 23 | 23.9
Spellcasting   | 15 16 18 20 22 | 22.6
Translocations | |  2.6

Action                   |  1- 3 |  4- 6 |  7- 9 | 10-12 | 13-15 | 16-18 || total
-------------------------+-------+-------+-------+-------+-------+-------++-------
Melee: Executioner's axe |     1 |       |       |       |     1 |     1 ||     3
